 Dungeon Crawl Stone Soup version 0.29.1-15-g9cfb28693d (webtiles) character file.

Game seed: 300135723279009924

2 hawla the Chiller (level 1, -4/14 HPs)
             Began as a Meteoran Ice Elementalist on Apr 23, 2023.
             Slain by an orc priest
             ... wielding a +0 short sword
              (5 damage)
             ... on level 2 of the Dungeon.
             The game lasted 00:00:47 (93 turns).

hawla the Chiller (Meteoran Ice Elementalist)         Turns: 93, Time: 00:00:48

Health: -4/14      AC:  2    Str:  9    XL:     1   Next: 57%
Magic:  5/5        EV: 12    Int: 16    God:
Gold:   12         SH:  0    Dex: 14    Spells: 4/5 levels left

rFire   . . .      SeeInvis .   (no weapon)
rCold   . . .      Faith    .   (no shield)
rNeg    . . .      Spirit   .   a - +0 robe
rPois   .          Reflect  .   (no helmet)
rElec   .          Harm     .   (no cloak)
rCorr   .          Rampage  .   (no gloves)
Will    .....                   (no boots)
Stlth   +.........              (no amulet)
HPRegen 0.04/turn               (no ring)
MPRegen 0.09/turn               (no ring)

@: glowing
A: sense surroundings 1, otherworldly, glowing, explore regen
a: no special abilities


You were on level 2 of the Dungeon.
You visited 1 branch of the dungeon, and saw 2 of its levels.

You collected 12 gold pieces.

Inventory:

Armour
 a - a +0 robe (worn)
Scrolls
 c - a scroll of magic mapping {unknown}
Potions
 b - a potion of magic


   Skills:
 + Level 2.4 Dodging
 - Level 1.4 Stealth
 + Level 2.6 Spellcasting
 + Level 4.5 Ice Magic


You had 4 spell levels left.
You knew the following spells:

 Your Spells              Type           Power      Damage    Failure   Level
a - Freeze                Ice            64%        1d8       3%          1

Your spell library contained the following spells:

 Spells                   Type           Power      Damage    Failure   Level
 Frozen Ramparts          Ice            32%        1d5       9%          3
 Ozocubu's Armour         Ice            16%        N/A       9%          3
 Hailstorm                Conj/Ice       9%         3d4       58%         4


Dungeon Overview and Level Annotations

Branches:
Dungeon (2/15) Zot: 1106

Altars:


Innate Abilities, Weirdness & Mutations

You passively map a small area around you.
You are easily found by Zot.
You glow in the dark.
You regain HP and MP as you explore.


Message History

The orc wizard flickers and vanishes!
Deactivating autopickup; reactivate with Ctrl-A.
You bump into the rock wall.
The rat barely misses you. The orc priest completely misses you.
The orc misses you.
You're too confused to cast spells.
The orc priest attacks as you move away!
The orc priest hits you with a +0 short sword.
You're too confused to cast spells.
Sorry, you're not good enough to have a special ability.
Unknown command.
You hit the orc.
The orc is moderately wounded.
The rat bites you.
The orc priest hits you with a +0 short sword.
The orc hits you with a +0 hand axe.
Unknown command.
You're too confused to cast spells.
Sorry, you're not good enough to have a special ability.
You closely miss the orc priest. The orc hits you with a +0 hand axe.
The rat barely misses you.
The orc priest hits you with a +0 short sword.
* * * LOW HITPOINT WARNING * * *
Unknown command.
You miss the rat. The orc closely misses you. The rat bites you.
* * * LOW HITPOINT WARNING * * *
The orc priest looks encouraged for a moment.
Unknown command.
You're too confused to cast spells.
Sorry, you're not good enough to have a special ability.
Unknown command.
You bump into the rock wall.
You feel less invigorated.
You feel less confused. The rat misses you.
The orc priest hits you with a +0 short sword.
* * * LOW HITPOINT WARNING * * *
The orc closely misses you.
Unknown command.
You closely miss the orc priest. The rat closely misses you.
The orc priest hits you with a +0 short sword.
You die...

** * ......,
** # #..... ,
, ,.,,,#....
, , ,
##.###... ,,
,,..,....#+ ,
#####.##....
,, ,
#....?.#.{#
** , *
##...#oo# *
#<..$.r@# * ,
, #.##.#..###
, ...#....# *
###.#..#..#*
######..##..#
, ,#.......#
#.#* *, *
#.#####.# .#
, , , * #<#
*,# * ### *,


You could see an orc priest, an orc and a rat.

Vanquished Creatures
  A bat (D:1)
  An endoplasm (D:2)
2 creatures vanquished.

Notes
Turn   | Place    | Note
-------+----------+-------------------------------------------
     0 | D:1      | hawla the Meteoran Ice Elementalist began the quest for the
                  | Orb.
     0 | D:1      | Reached XP level 1. HP: 14/14 MP: 5/5
    80 | D:2      | Noticed an orc priest
    81 | D:2      | Noticed an orc wizard
    93 | D:2      | Slain by an orc priest

Illustrated notes

Levels and vault maps discovered:
D:1:      minmay_arrival_checkered_box, layout_loops_ring,
          minmay_misc_feat_pillars, kennysheep_another_room
D:2:      layout_basic, basic_altar

Action                   || total
-------------------------++-------
Melee: Unarmed           ||     4
 Cast: Freeze            ||     3
  Use: Potion            ||     1
Dodge: Dodged            ||    11
